Map: Romanticide LE

Players

MaxPax

  • Race: Protoss Protoss
  • League: Grandmaster

PtitDrogo - Winner!

  • Race: Protoss Protoss
  • League: Grandmaster

Event: DreamHack SC2 Masters 2021 Summer

VOD

Have the link to the VOD?

Description

Time

  • Played on: June 3, 2021, 12:58 p.m.
  • Length: 9:02

All games in this series

Show
View Real Time Build Order
Export as new Build Order

MaxPax Protoss 

Build Orders:  

Get SALT Encoding   

  12  0:00  Probe  
  13  0:12  Probe  
  14  0:19  Pylon  
  14  0:24  Probe  
  15  0:37  Probe (Chrono Boost)  
  15  0:38  Gateway  
  16  0:47  Assimilator  
  16  0:48  Probe (Chrono Boost)  
  17  0:52  Probe (Chrono Boost)  
  18  1:04  Probe (Chrono Boost)  
  19  1:05  Assimilator  
  19  1:09  Pylon  
  19  1:16  Probe (Chrono Boost)  
  20  1:23  Probe (Chrono Boost)  
  21  1:26  Cybernetics Core  
  21  1:30  Probe  
  21  1:32  Zealot  
  24  1:42  Probe  
  25  1:54  Probe  
  26  2:02  Stalker (Chrono Boost)  
  26  2:06  Probe  
  29  2:08  Robotics Facility  
  29  2:19  Warp Gate  
  29  2:24  Stalker (Chrono Boost)  
  31  2:31  Shield Battery  
  31  2:35  Gateway  
  31  2:58  Pylon  
  31  2:59  Gateway  
  30  3:16  Immortal (Chrono Boost), Sentry  
  30  3:19  Pylon  
  36  3:34  Pylon  
  36  3:44  Sentry  
  36  3:47  Warp Prism (Chrono Boost)  
  40  4:02  Pylon  
  40  4:09  Stalker x2  
  44  4:17  Stalker  
  46  4:35  Stalker x2  
  50  4:45  Warp Prism (Chrono Boost)  
  50  4:51  Stalker  
  40  5:02  Sentry x2  
  41  5:15  Shield Battery  
  41  5:20  Immortal (Chrono Boost)  
  44  5:32  Cybernetics Core  
  44  5:48  Pylon  
  44  6:06  Probe  
  45  6:12  Pylon  
  45  6:17  Stargate  
  45  6:28  Adept  
  45  6:30  Adept  
  45  6:31  Immortal (Chrono Boost)  
  53  6:37  Probe  
  52  7:06  Phoenix  
  52  7:08  Pylon  
  54  7:16  Immortal (Chrono Boost)  
  54  7:37  Nexus  
  54  7:44  Phoenix  
  54  7:45  Observer  
  54  7:48  Probe  
  58  8:09  Phoenix  
  58  8:10  Probe  
  50  8:35  Adept x2  
  50  8:37  Phoenix (Chrono Boost)  
Show
View Real Time Build Order
Export as new Build Order

PtitDrogo Protoss - Winner!

Build Orders:  

Get SALT Encoding   

  12  0:00  Probe  
  13  0:12  Probe  
  14  0:18  Pylon  
  14  0:24  Probe (Chrono Boost)  
  15  0:37  Probe (Chrono Boost), Gateway  
  16  0:45  Probe (Chrono Boost), Assimilator  
  17  0:51  Probe  
  17  0:54  Assimilator  
  18  1:03  Probe (Chrono Boost)  
  19  1:07  Gateway  
  19  1:12  Probe (Chrono Boost)  
  19  1:17  Probe (Chrono Boost)  
  21  1:27  Cybernetics Core  
  21  1:30  Probe  
  22  1:35  Pylon  
  22  1:42  Probe  
  23  2:04  Stalker x2, Robotics Facility  
  27  2:15  Warp Gate  
  27  2:20  Pylon  
  27  2:34  Stalker x2  
  31  2:43  Gateway  
  31  2:45  Pylon  
  30  3:09  Pylon  
  30  3:25  Warp Prism (Chrono Boost)  
  30  3:30  Pylon  
  30  3:31  Twilight Council  
  32  3:40  Pylon  
  32  3:54  Immortal (Chrono Boost)  
  36  4:06  Stalker x2  
  40  4:12  Stalker  
  42  4:33  Stalker  
  42  4:34  Stalker  
  38  4:55  Stalker  
  38  4:57  Sentry  
  38  4:58  Stalker  
  38  4:59  Warp Prism (Chrono Boost)  
  44  5:05  Sentry x2  
  44  5:08  Blink (Chrono Boost)  
  44  5:21  Stalker  
  46  5:35  Probe  
  48  5:36  Observer  
  48  5:47  Probe  
  49  5:52  Stalker  
  49  5:55  Pylon  
  51  5:59  Probe  
  52  6:11  Probe  
  53  6:27  Nexus  
  53  6:32  Pylon  
  53  6:35  Probe  
  54  6:50  Immortal  
  54  6:51  Stalker  
  55  7:00  Probe  
  51  7:09  Observer  
  51  7:12  Probe  
  52  7:24  Probe  
  51  7:33  Warp Prism (Chrono Boost)  
  51  7:36  Probe (Chrono Boost)  
  54  7:40  Observer  
  55  7:48  Probe (Chrono Boost)  
  55  7:50  Probe (Chrono Boost)  
  56  7:55  Probe (Chrono Boost), Sentry x3  
  56  7:57  Probe (Chrono Boost)  
  64  8:02  Probe  
  65  8:08  Probe  
  66  8:14  Probe  
  65  8:33  Stalker x3  
  59  8:42  Probe x2  
  59  8:56  Stalker x3  
Tags
 
Add a new tag
Caveats
  • Supply blocks, unpowered buildings, or Contaminate may cause inaccurate times.
  • Supply counts are checked every 10 seconds.